Map: Battle on the Boardwalk LE

Players

JagrsMullets

  • Race: Terran Terran
  • Spawn Location: 11:00

A.I. 1 (Medium) - Winner!

  • Race: Terran Terran
  • Spawn Location: 1:00

VOD

Have the link to the VOD?

Description

Time

  • Played on: Nov. 25, 2017, 3:20 a.m.
  • Length: 21:36
Show
View Real Time Build Order
Export as new Build Order

JagrsMullets Terran 

Build Orders:  

Get SALT Encoding   

  12  0:03  SCV  
  13  0:15  SCV  
  14  0:33  Supply Depot  
  14  0:34  SCV  
  15  0:42  Supply Depot  
  15  0:51  Refinery  
  15  0:55  SCV  
  16  0:59  Barracks  
  16  1:11  Barracks  
  16  1:19  SCV  
  17  1:26  Refinery  
  17  1:31  SCV  
  18  1:43  SCV  
  19  1:58  Factory  
  19  2:04  Barracks Reactor  
  19  2:17  Reaper  
  20  2:35  Supply Depot  
  20  2:36  SCV  
  21  2:42  Reaper x2  
  23  2:48  SCV  
  24  2:57  Engineering Bay  
  24  3:00  SCV  
  25  3:12  SCV  
  26  3:14  Reaper  
  26  3:15  Factory Tech Lab  
  27  3:24  SCV, Supply Depot  
  27  3:26  Reaper  
  29  3:45  Siege Tank  
  29  3:46  Reaper  
  33  3:58  Reaper  
  33  4:01  Command Center  
  34  4:18  Reaper  
  35  4:35  Command Center  
  35  4:53  Reaper x2  
  37  5:04  Siege Tank  
  40  5:16  Supply Depot  
  40  5:33  Marine x2  
  42  5:36  Siege Tank  
  45  5:51  Marine x2  
  47  5:58  SCV  
  48  6:08  Siege Tank  
  48  6:09  Marine x2  
  48  6:10  SCV  
  54  6:22  SCV  
  55  6:27  Marine x2  
  57  6:34  SCV  
  57  6:36  Refinery  
  57  6:39  Refinery  
  58  6:40  Siege Tank  
  58  6:46  SCV  
  62  6:52  SCV  
  63  6:58  SCV  
  64  7:04  SCV  
  65  7:10  SCV  
  65  7:12  Siege Tank  
  69  7:16  SCV  
  70  7:43  Supply Depot  
  70  7:48  Supply Depot  
  70  8:04  SCV, Siege Tank  
  70  8:05  Terran Infantry Weapons Level 1  
  74  8:15  Orbital Command  
  74  8:20  Orbital Command  
  74  9:11  Cyclone  
  77  9:25  Starport  
  77  9:33  Starport  
  77  9:40  SCV  
  77  9:43  Cyclone  
  81  9:52  SCV  
  82  9:59  Terran Infantry Armor Level 1  
  82  10:04  SCV  
  83  10:15  Cyclone  
  86  10:47  Cyclone  
  86  10:49  Medivac  
  91  10:52  Medivac  
  93  11:01  Marine x3  
  96  11:18  Marine  
  96  11:19  Marine, Cyclone, Medivac, Reaper  
  96  11:22  Medivac  
  106  11:37  Reaper x2  
  108  11:49  Medivac  
  108  11:53  Building Armor  
  110  12:49  Supply Depot  
  110  12:53  Supply Depot  
  110  13:02  Medivac, Reaper x2  
  116  13:10  Viking  
  116  13:32  Viking  
  117  13:40  Viking  
  117  14:00  Marine x2  
  117  14:02  Viking  
  121  14:04  Reaper  
  124  14:10  Hellion, Viking  
  126  14:18  Marine x2  
  130  14:31  Hellion  
  130  14:32  Viking  
  130  14:36  Marine x2, Reaper  
  135  14:39  Viking  
  137  14:52  Neosteel Frame  
  139  14:53  Marine, Hellion  
  139  14:54  Marine  
  141  15:04  Infernal Pre-Igniter  
  141  15:08  Reaper  
  144  15:14  Hellion  
  146  15:35  Hellion  
  146  15:40  Reaper  
  103  16:12  Reaper  
  53  17:02  Starport Tech Lab  
  53  17:03  Starport Tech Lab  
  40  17:41  Marine  
  40  17:42  Marine  
  42  17:59  Marine x2  
  44  18:10  Banshee x2  
  50  18:17  Marine x2  
  52  18:35  Marine x2  
  54  18:43  Starport  
  54  18:44  Starport  
  54  18:52  Banshee  
  54  18:53  Banshee  
  60  18:58  Starport  
  60  19:03  Starport  
  60  19:20  Armory  
  60  19:35  Banshee x2  
  60  19:38  Starport Tech Lab  
  66  19:39  Starport Tech Lab  
  66  19:40  Starport Tech Lab  
  66  19:42  Liberator x2, Starport Tech Lab  
  66  19:43  Liberator  
  75  20:09  Viking  
  77  20:18  Banshee x2  
  83  20:24  Liberator  
  83  20:25  Liberator  
  83  20:26  Liberator  
Show
View Real Time Build Order
Export as new Build Order

A.I. 1 (Medium) Terran - Winner!

Build Orders:  

Get SALT Encoding   

  12  0:00  SCV  
  13  0:13  SCV  
  14  0:19  Supply Depot  
  14  0:25  SCV  
  15  0:40  SCV  
  15  0:42  Barracks  
  16  0:50  Refinery  
  16  0:52  SCV  
  17  1:04  SCV  
  18  1:17  Supply Depot  
  18  1:29  Marine  
  19  1:34  Barracks, Orbital Command  
  19  1:43  Refinery  
  19  1:48  Barracks Tech Lab  
  19  2:06  Marine  
  20  2:10  Supply Depot  
  20  2:24  Marine  
  20  2:28  Marine  
  23  2:30  SCV  
  23  2:42  SCV, Marine  
  25  2:45  Supply Depot  
  25  2:46  Marine  
  26  2:54  SCV  
  26  2:55  Engineering Bay  
  27  3:00  Marine  
  27  3:05  Marine  
  29  3:06  SCV  
  30  3:18  SCV, Marauder  
  33  3:30  SCV  
  34  3:39  Marauder  
  36  5:20  SCV, Barracks Tech Lab, Reaper  
  38  5:22  Factory  
  38  5:23  Factory  
  38  5:26  Supply Depot  
  38  5:29  Missile Turret  
  38  5:30  Missile Turret  
  38  5:35  Sensor Tower  
  38  5:37  Barracks  
  38  5:38  Marauder  
  40  5:47  SCV  
  40  5:50  Command Center  
  40  5:53  Marauder, Bunker  
  41  5:59  Marine, SCV  
  32  6:10  Armory  
  32  6:13  Marine  
  32  6:17  Marine  
  34  6:18  Starport, Factory Tech Lab  
  34  6:19  Factory Tech Lab  
  34  6:25  Barracks Reactor  
  34  6:31  Marine  
  35  6:36  Marauder  
  37  6:49  Marine  
  38  6:54  Starport Tech Lab  
  38  6:57  Reaper  
  39  7:02  SCV  
  39  7:03  Marine  
  39  7:05  SCV  
  42  7:11  Refinery  
  42  7:12  Missile Turret  
  42  7:13  Marauder  
  42  7:14  SCV, Raven, Missile Turret  
  47  7:15  Refinery  
  47  7:17  SCV  
  47  7:22  Marine  
  49  7:26  SCV  
  49  7:29  SCV  
  51  7:31  Marine  
  51  7:35  Bunker  
  52  7:38  SCV  
  52  7:41  SCV  
  54  7:50  SCV  
  55  7:53  SCV  
  55  7:57  Raven  
  58  8:03  SCV  
  59  8:05  SCV  
  60  8:15  SCV  
  60  8:18  SCV  
  62  8:21  Supply Depot  
  62  8:27  SCV  
  62  8:30  SCV  
  64  8:39  SCV  
  65  8:42  SCV  
  66  8:51  SCV  
  66  8:54  SCV  
  68  9:03  SCV  
  68  9:06  SCV  
  68  9:09  Supply Depot  
  70  9:29  Marine, Medivac  
  70  9:30  Terran Infantry Weapons Level 1, Combat Shields, Stimpack  
  73  9:32  Starport  
  73  9:34  Marine, Ghost Academy  
  73  9:38  Fusion Core  
  74  9:39  Marine  
  74  9:42  Engineering Bay  
  74  9:44  Marine  
  76  9:46  Supply Depot  
  76  9:48  Armory  
  76  9:50  Marauder  
  78  9:55  Siege Tank  
  78  9:59  Medivac  
  65  10:00  Cyclone  
  65  10:05  Marine  
  69  10:08  Terran Infantry Armor Level 1  
  69  10:10  Marine, Supply Depot, Starport Reactor  
  70  10:15  Marine  
  70  10:20  Marine  
  72  10:25  Marauder  
  74  10:29  Raven  
  74  10:30  Marine  
  74  10:35  Marauder  
  79  10:36  Command Center  
  79  10:40  Marine  
  80  10:46  Marine  
  80  10:48  Concussive Shells  
  81  10:50  Marine  
  81  10:57  Marauder  
  84  11:04  Marauder  
  86  11:50  SCV  
  86  11:52  SCV  
  88  11:55  SCV, Refinery  
  89  12:02  SCV  
  89  12:04  Missile Turret  
  89  12:05  SCV  
  89  12:07  SCV  
  92  12:13  Missile Turret  
  92  12:14  Refinery  
  92  12:36  Bunker  
  92  13:09  Siege Tank  
  92  13:10  Terran Infantry Armor Level 2, Terran Infantry Weapons Level 2  
  92  13:11  Terran Ship Weapons Level 1, Terran Vehicle Weapons Level 1  
  92  13:12  Supply Depot  
  95  13:15  Hellion  
  97  13:30  Marine  
  82  13:35  Marine  
  82  13:36  Supply Depot  
  82  13:40  Marine  
  72  13:45  Marine  
  73  13:50  Marine  
  73  13:55  Marine  
  75  14:00  Marine  
  76  14:05  Marine  
  77  14:10  Marine  
  77  14:15  Marine  
  79  14:20  Marine  
  80  14:25  Marine  
  80  14:30  Thor  
  87  14:35  Siege Tank  
  90  15:06  Terran Vehicle Weapons Level 2  
  90  15:08  Hellion  
  90  15:13  Siege Tank  
  95  15:27  Terran Infantry Weapons Level 3, Terran Infantry Armor Level 3  
  95  15:29  Siege Tank  
  98  15:45  Siege Tank  
  101  15:54  Command Center  
  101  15:58  Raven  
  101  15:59  Medivac  
  101  16:00  Medivac  
  101  16:01  Siege Tank  
  97  16:12  Marine  
  97  16:17  Marine  
  81  16:22  Marine  
  71  16:27  Marine  
  71  16:32  Marine  
  69  16:37  Marine  
  69  16:39  Medivac  
  66  16:40  Medivac  
  66  16:41  Raven  
  66  16:42  Marine  
  61  16:47  Marine  
  61  16:52  Marine  
  59  16:57  Marine  
  59  16:58  Armory  
  59  17:00  SCV  
  57  17:02  Marine  
  57  17:07  SCV  
  57  17:08  Marine  
  53  17:10  SCV  
  53  17:13  Thor  
  53  17:14  SCV  
  59  17:15  Siege Tank  
  59  17:16  Refinery  
  59  17:17  SCV  
  59  17:18  Marine  
  59  17:19  Missile Turret  
  59  17:20  SCV, Marine  
  59  17:22  Missile Turret  
  63  17:23  SCV, Marine, Terran Vehicle And Ship Armor Level 1, Refinery  
  63  17:24  Raven  
  63  17:26  Marine, SCV  
  69  17:30  SCV  
  69  17:33  SCV  
  69  17:36  Marine, SCV  
  73  17:38  Marine  
  73  17:39  SCV  
  73  17:41  Marine  
  73  17:44  Marine, Bunker  
  77  17:45  SCV  
  77  17:47  SCV  
  77  17:50  SCV  
  82  17:53  SCV  
  82  17:54  Marine  
  82  17:55  Widow Mine  
  82  17:56  Marine  
  82  17:57  SCV  
  85  17:58  Siege Tank  
  85  17:59  Marine  
  85  18:01  Marine  
  85  18:02  SCV  
  91  18:07  Raven  
  91  18:12  Marauder  
  95  18:14  Marine  
  95  18:16  Marine, Siege Tank  
  95  18:19  Marine  
  101  18:32  Marine  
  101  18:33  Marine  
  105  18:34  Marine  
  105  18:37  Marine  
  105  18:38  Widow Mine  
  107  18:50  Marauder  
  107  18:51  Marauder  
  107  18:52  Marine  
  112  19:11  Marauder  
  112  19:13  Marauder  
  116  19:19  Terran Vehicle And Ship Armor Level 2  
  116  19:33  Marauder  
  124  20:44  Supply Depot  
  124  20:56  Viking  
  126  21:08  Supply Depot  
Tags
 
Add a new tag
Caveats
  • Supply blocks, unpowered buildings, or Contaminate may cause inaccurate times.
  • Supply counts are checked every 10 seconds.